 Dungeon Crawl Stone Soup version 0.30-a0-476-g330ca2eb8e (webtiles) character file.

Game seed: 5626021760887246215

1936 cforsyth the Geomancer (level 9, -9/45 HPs)
             Began as a Gargoyle Earth Elementalist on Dec 21, 2022.
             Was an Initiate of Vehumet.
             Mangled by Joseph
             ... wielding a +0 quarterstaff
              (14 damage)
             ... on level 6 of the Dungeon.
             The game lasted 00:16:44 (7198 turns).

cforsyth the Geomancer (GrEE)                       Turns: 7198, Time: 00:16:45

Health: -9/45      AC:  8    Str: 13    XL:     9   Next: 17%
Magic:  13/18      EV: 13    Int: 19    God:    Vehumet [......]
Gold:   337        SH:  0    Dex: 10    Spells: 16/20 levels left

rFire   . . .      SeeInvis .    (no weapon)
rCold   . . .      Faith    .    (no shield)
rNeg    + . .      Spirit   .    a - +0 robe
rPois   ∞          Reflect  .    (no helmet)
rElec   +          Harm     .    (no cloak)
rCorr   .          Rampage  .    (no gloves)
Will    .....                    (no boots)
Stlth   ++........               (no amulet)
HPRegen 0.27/turn                (no ring)
MPRegen 0.16/turn                (no ring)

@: no status effects
A: sickness immunity, AC +6, negative energy resistance 1, electricity
resistance, torment resistance 1, petrification resistance
a: Renounce Religion


You were on level 6 of the Dungeon.
You worshipped Vehumet.
Vehumet was noncommittal.
You visited 2 branches of the dungeon, and saw 8 of its levels.

You collected 391 gold pieces.
You spent 54 gold pieces at shops.

Inventory:

Armour
 a - a +0 robe (worn)
Jewellery
 t - a ring of positive energy
Wands
 b - a wand of digging (1)
Scrolls
 c - 2 scrolls of immolation {unknown}
 d - a scroll of magic mapping {unknown}
 g - 2 scrolls of teleportation
 h - a scroll of brand weapon
 i - a scroll of butterflies {unknown}
 j - 4 scrolls of poison {unknown}
 k - 2 scrolls of enchant weapon {unknown}
 l - 2 scrolls of fog {unknown}
 p - 7 scrolls of identify {unknown}
 r - a scroll of silence {unknown}
 s - a scroll of fear {unknown}
 x - a scroll of amnesia {unknown}
Potions
 e - a potion of haste {unknown}
 f - 2 potions of brilliance {unknown}
 m - a potion of lignification
 n - a potion of degeneration {unknown}
 o - 3 potions of curing
 q - a potion of ambrosia {unknown}
 u - a potion of berserk rage {unknown}
 w - a potion of attraction {unknown}


   Skills:
 + Level 5.5 Dodging
 - Level 2.1 Stealth
 + Level 6.2 Spellcasting
 + Level 3.4 Conjurations
 - Level 0.7 Transmutations
 + Level 8.5 Earth Magic


You had 16 spell levels left.
You knew the following spells:

 Your Spells              Type           Power      Damage    Failure   Level
a - Sandblast             Erth           76%        2d16      1%          1
b - Stone Arrow           Conj/Erth      56%        3d10      2%          3

Your spell library contained the following spells:

 Spells                   Type           Power      Damage    Failure   Level
 Passwall                 Tmut/Erth      19%        N/A       2%          2
 Summon Small Mammal      Summ           20%        N/A       11%         1
 Petrify                  Tmut/Erth      23%        N/A       16%         4
 Call Canine Familiar     Summ           5%         N/A       32%         3
 Summon Guardian Golem    Hex/Summ       5%         N/A       32%         3


Dungeon Overview and Level Annotations

Branches:
Dungeon (7/15)             Temple (1/1) D:4

Altars:
Ashenzari
Dithmenos
Elyvilon
Gozag
Kikubaaqudgha
Makhleb
Okawaru
Sif Muna
Trog
Vehumet
Wu Jian
Xom
Yredelemnul
Zin
The Shining One

Shops:
D:2 (*   D:5 :

Annotations:
D:6 Joseph


Innate Abilities, Weirdness & Mutations

You are immune to sickness and miasma.
Your stone body is resilient. (AC +6)
You are immune to poison.
You resist negative energy. (rN+)
You are resistant to electric shocks. (rElec)
You are resistant to unholy torment.
You are immune to petrification.


Message History

Unknown command.
The blast of sand misses Joseph.
Joseph unwields a +0 sling.
Joseph wields a +0 quarterstaff.
Joseph hits you with a +0 quarterstaff!
Unknown command.
Casting: Sandblast (safe; 1% risk of failure)
Confirm with . or Enter, or press ? or * to list all spells.
Aiming: Sandblast (safe; 1% risk of failure)
Press: ? - help, Shift-Dir - straight line, f/p - Joseph
Aim: Joseph, wielding a +0 quarterstaff and wearing a +0 leather armour (moderately wounded, 84% to hit)
The blast of sand misses Joseph.
Joseph hits you with a +0 quarterstaff.
* * * LOW HITPOINT WARNING * * *
Casting: Sandblast (safe; 1% risk of failure)
Confirm with . or Enter, or press ? or * to list all spells.
Aiming: Sandblast (safe; 1% risk of failure)
Press: ? - help, Shift-Dir - straight line, f/p - Joseph
Aim: Joseph, wielding a +0 quarterstaff and wearing a +0 leather armour (lightly wounded, 84% to hit)
The blast of sand hits Joseph!!
Joseph is heavily wounded.
Joseph closely misses you. x2
Casting: Sandblast (safe; 1% risk of failure)
Confirm with . or Enter, or press ? or * to list all spells.
Aiming: Sandblast (safe; 1% risk of failure)
Press: ? - help, Shift-Dir - straight line, f/p - Joseph
Aim: Joseph, wielding a +0 quarterstaff and wearing a +0 leather armour (heavily wounded, 84% to hit)
The blast of sand misses Joseph.
Joseph hits you with a +0 quarterstaff.
* * * LOW HITPOINT WARNING * * *
You feel much better.
Joseph hits you with a +0 quarterstaff!!
* * * LOW HITPOINT WARNING * * *
Casting: Sandblast (safe; 1% risk of failure)
Confirm with . or Enter, or press ? or * to list all spells.
Aiming: Sandblast (safe; 1% risk of failure)
Press: ? - help, Shift-Dir - straight line, f/p - Joseph
Aim: Joseph, wielding a +0 quarterstaff and wearing a +0 leather armour (heavily wounded, 84% to hit)
The blast of sand hits Joseph!
Joseph is severely wounded.
Joseph hits you with a +0 quarterstaff!
* * * LOW HITPOINT WARNING * * *
Joseph hits you with a +0 quarterstaff!
You die...

..#.....#####..##..##..##.......#
....#.#........##.....##.........
.##.#.###.....[###.....##........
.......#.......#.................
.......#####.....................
..##....#.........##..#..........
..###..##........###..#.........#
..###............<##.........#.##
...#..........#@@##....##...##...
..............##.##.#.......##...
..##.........##.....#............
..##.........###............#....
≈≈≈≈≈...............)<......#....
####≈...........#...##>..........
≈≈≈#≈......#.............#..##...
._≈#≈...#..#....#........##..#...
≈≈≈#≈...#.##.............#.......


You could see Joseph.

Vanquished Creatures
  Eustachio (D:4)
  2 ice beasts (D:6)
  A sky beast (D:6)
  2 ogres
  A phantom (D:4)
  2 kobold brigands
  5 wights
  4 hounds
  5 orc priests
  A jelly (D:4)
  Jessica (D:2)
  2 scorpion zombies (D:4)
  Ijyb (D:4)
  Natasha (thrice) (D:4)
  3 iguanas
  5 orc wizards
  10 adders
  A white imp (D:5)
  A worm (D:3)
  A dart slug (D:1)
  20 orcs
  6 ball pythons
  2 bats (D:1)
  2 endoplasms
  5 giant cockroaches
  6 goblins
  9 hobgoblins
  2 jackals (D:2)
  A quokka (D:3)
  3 frilled lizards
  17 kobolds
  5 rats
130 creatures vanquished.

Vanquished Creatures (others)
  An orc wizard (D:3)
1 creature vanquished.

Grand Total: 131 creatures vanquished

Notes
Turn   | Place    | Note
-------+----------+-------------------------------------------
     0 | D:1      | cforsyth the Gargoyle Earth Elementalist began the quest
                  | for the Orb.
     0 | D:1      | Reached XP level 1. HP: 10/10 MP: 3/3
   289 | D:1      | Reached XP level 2. HP: 15/15 MP: 1/5
   495 | D:1      | Reached skill level 4 in Earth Magic
   899 | D:2      | Found Ruplej's Antique Weapon Boutique.
   905 | D:2      | Reached XP level 3. HP: 19/19 MP: 3/6
  1263 | D:2      | Found Koum's Assorted Antiques.
  1298 | D:2      | Noticed Jessica
  1308 | D:2      | Killed Jessica
  1309 | D:2      | Reached XP level 4. HP: 24/24 MP: 3/8
  1356 | D:2      | Bought a scroll labelled TEAGIDD AXZONK for 18 gold pieces
  1356 | D:2      | Bought a scroll labelled GONNOE ACLIREMN for 18 gold pieces
  1356 | D:2      | Bought a scroll labelled ZIULICL NESTRAE for 18 gold pieces
  1617 | D:2      | Found a faded altar of an unknown god.
  2173 | D:3      | Reached XP level 5. HP: 18/28 MP: 3/9
  2177 | D:3      | Reached skill level 5 in Earth Magic
  2340 | D:3      | Reached XP level 6. HP: 20/32 MP: 4/11
  2857 | D:4      | Noticed Natasha
  2860 | D:4      | Killed Natasha
  2881 | D:4      | Reached skill level 6 in Earth Magic
  2881 | D:4      | Reached XP level 7. HP: 9/36 MP: 10/13
  2982 | D:4      | Noticed Natasha
  2984 | D:4      | Killed Natasha
  3008 | D:4      | Noticed Eustachio
  3077 | D:4      | Noticed Natasha
  3079 | D:4      | Killed Natasha
  3247 | D:4      | Killed Eustachio
  3379 | D:4      | Noticed Ijyb
  3383 | D:4      | Killed Ijyb
  3582 | D:4      | Reached skill level 7 in Earth Magic
  3582 | D:4      | Reached XP level 8. HP: 35/41 MP: 8/15
  3595 | D:4      | Reached skill level 5 in Spellcasting
  3753 | D:4      | Found a basalt altar of Yredelemnul.
  3926 | D:4      | Found a staircase to the Ecumenical Temple.
  4013 | D:5      | Entered Level 5 of the Dungeon
  4535 | D:5      | Learned a level 3 spell: Stone Arrow
  4598 | D:5      | Found Ymnoibb's Book Emporium.
  4862 | D:5      | Found a white marble altar of Elyvilon.
  5220 | D:5      | Reached skill level 1 in Conjurations
  5517 | D:6      | Reached skill level 5 in Dodging
  5823 | D:6      | Reached skill level 8 in Earth Magic
  6156 | D:6      | Found an ornate altar of the Wu Jian Council.
  6156 | D:6      | Found a shadowy altar of Dithmenos.
  6247 | D:6      | Reached XP level 9. HP: 22/45 MP: 10/18
  6721 | Temple   | Entered the Ecumenical Temple
  6774 | Temple   | Became a worshipper of Vehumet
  6830 | D:7      | Noticed Joseph
  7198 | D:6      | Mangled by Joseph

Illustrated notes

Levels and vault maps discovered:
D:1:      saegor_arrival_simple_d, layout_basic
D:2:      layout_loops_ring, serial_shops, nicolae_shop_stone,
          nicolae_shop_overgrown_old_shop,
          shapermc_ecumenical_altar_mp_highgroup, uniq_jessica
D:3:      layout_basic, kennysheep_generic_room_8
D:4:      layout_rooms, lemuel_zombie_altar_yredelemnul,
          minmay_temple_entry_proselytizer, minmay_tree_intersection, uniq_ijyb,
          uniq_natasha, uniq_eustachio
D:5:      cheibrodos_thug_alley, layout_basic, lemuel_doored_altar,
          serial_shops, shop
D:6:      layout_cave_pools, nicolae_overflow_two_pavilions
D:7:      kennysheep_big_flooded_room, layout_basic, uniq_menkaure, uniq_joseph,
          uniq_maggie
Temple:   regret_index_temple_chain_breaker

Skill      XL: |  1  2  3  4  5  6  7  8 |
---------------+-------------------------+-----
Earth Magic    | 4 5 6 7 8 |  8.5
Dodging        | 2 3 4 5 |  5.5
Spellcasting   | 3 4 6 |  6.2
Conjurations   | 3 |  3.4
Stealth        | |  2.1
Transmutations | |  0.7

Action                   |  1- 3 |  4- 6 |  7- 9 || total
-------------------------+-------+-------+-------++-------
Melee: Unarmed           |    19 |    20 |    11 ||    50
 Cast: Sandblast         |    38 |    64 |   156 ||   258
  Use: Potion            |       |     3 |     2 ||     5
       Scroll            |       |     2 |     1 ||     3
Armor: Robe              |     6 |    12 |    48 ||    66
       Skin              |       |    11 |       ||    11
Dodge: Dodged            |    18 |    30 |    86 ||   134

Table legend: (Time is in decaauts)
 A = Elapsed time spent in this place.
 B = Non-inter-level travel time spent in this place.
 C = Inter-level travel time spent in this place.
 D = Time resting spent in this place.
 E = Time spent auto-exploring this place.
 F = Levels seen in this place.
 G = Mean time per level.
                   A        B        C        D        E       F      G
               +--------+--------+--------+--------+--------+-----+--------+
         Total |   7349 |   7011 |    338 |   1538 |   4386 |   8 |  918.6 |
       Dungeon |   7280 |   6957 |    323 |   1538 |   4347 |   7 | 1040.0 |
        Temple |     68 |     53 |     15 |      0 |     39 |   1 |   68.0 |
               +--------+--------+--------+--------+--------+-----+--------+

Top non-repeatable levels by time:
     D:5: 1536 daAuts
     D:4: 1383 daAuts
     D:6: 1359 daAuts
     D:3: 1161 daAuts
     D:2: 918 daAuts
     D:1: 907 daAuts
  Temple: 68 daAuts
     D:7: 14 daAuts
